 Dungeon Crawl Stone Soup version 0.31-a0-1338-gb567cfdca4 (webtiles) character file.

Game seed: 154459013735273349

166191 Sobieck the Archmage (level 17, -2/96 HPs)
             Began as a Deep Elf Conjurer on Dec 19, 2023.
             Was the Champion of Vehumet.
             Succumbed to poison (dark miasma)
             ... on level 2 of the Swamp on Dec 21, 2023.
             The game lasted 02:12:44 (38166 turns).

Sobieck the Archmage (Deep Elf Conjurer)           Turns: 38166, Time: 02:12:44

Health: -2/96      AC: 10    Str:  8    XL:     17   Next: 29%
Magic:  47/50      EV: 17    Int: 32    God:    Vehumet [******]
Gold:   2667       SH:  5    Dex: 13    Spells: 22/70 levels left

rFire   + . .        A - staff of conjuration
rCold   + . .        I - orb of the Vacuum {*channel, Str+4}
rNeg    . . .        O - +1 robe {rC+ rF+}
rPois   .            p - +1 hat {Will+}
rElec   .            k - +2 cloak
rCorr   .            E - +0 pair of gloves {Stlth+}
SInv    .            r - +1 pair of boots
Will    +++..        l - amulet of reflection
Stlth   ++++         m - ring of willpower
HPRegen 0.36/turn    c - ring of flight
MPRegen 0.32/turn

%: reflection, channel magic (20%)
@: lethally poisoned (-2 -> -67), flying, slightly contaminated, slowed, very
slow
A: no striking features
a: Renounce Religion


You were on level 2 of the Swamp.
You worshipped Vehumet.
Vehumet was exalted by your worship.
You visited 6 branches of the dungeon, and saw 30 of its levels.
You also visited: Bailey.

You collected 3082 gold pieces.
You spent 415 gold pieces at shops.

Inventory:

Missiles
 Z - 4 throwing nets
Armour
 k - a +2 cloak (worn)
 p - a +1 hat of willpower (worn)
 r - a +1 pair of boots (worn)
 E - a +0 pair of gloves of stealth (worn)
 I - the orb of the Vacuum (worn) {*channel, Str+4}
   (You found it on level 10 of the Dungeon)

   Str+4:     It affects your strength (+4).
 O - a +1 robe of resistance (worn)
 Y - the +0 hat of Ticzodgh {rPois Dex+3 Slay+3}
   (You found it on level 2 of the Orcish Mines)

   Dex+3:     It affects your dexterity (+3).
   Slay+3:    It affects your accuracy & damage with ranged weapons and melee
   (+3).
   rPois:     It protects you from poison
Magical Staves
 A - a staff of conjuration (weapon)
 B - a staff of alchemy
Jewellery
 c - a ring of flight (right hand)
 f - a ring of protection from fire
 i - a ring of wizardry
 l - an amulet of reflection (around neck)
 m - a ring of willpower (left hand)
 n - a ring of ice
 C - a +5 ring of evasion
 J - a ring of wizardry
 K - a ring of ice
 N - an amulet of guardian spirit
 V - an amulet of the acrobat
Wands
 D - a wand of digging (5)
 P - a wand of paralysis (21)
 S - a wand of quicksilver (13)
 X - a wand of mindburst (25)
Scrolls
 a - 4 scrolls of poison
 b - a scroll of blinking
 e - 2 scrolls of immolation
 o - 2 scrolls of fear
 x - 4 scrolls of amnesia
 y - 3 scrolls of enchant armour
 F - 2 scrolls of revelation
 G - 4 scrolls of enchant weapon
 R - 3 scrolls of identify
 T - 11 scrolls of teleportation
 U - a scroll of butterflies
 W - 3 scrolls of fog
Potions
 d - 11 potions of heal wounds
 g - 3 potions of attraction
 h - 3 potions of invisibility
 j - 3 potions of mutation
 q - 2 potions of brilliance
 s - 7 potions of lignification
 u - 2 potions of ambrosia
 v - 2 potions of enlightenment
 w - 3 potions of resistance
 z - 4 potions of cancellation
 H - 2 potions of haste
 L - a potion of magic
 M - 2 potions of might
 Q - 5 potions of curing
Miscellaneous
 t - a lightning rod (4/4)


   Skills:
 - Level 7.0 Fighting
 + Level 11.3 Dodging
 - Level 5.0 Stealth
 O Level 27 Spellcasting
 + Level 12.3 Conjurations
 - Level 9.0 Hexes
 - Level 4.0 Translocations
 - Level 9.0 Fire Magic
 - Level 5.0 Ice Magic
 - Level 8.0 Air Magic
 - Level 8.0 Earth Magic
 - Level 6.0 Alchemy


You had 22 spell levels left.
You knew the following spells:

 Your Spells              Type           Power      Damage    Failure   Level
a - Magic Dart            Conj           100%       1d8       1%          1
b - Searing Ray           Conj           100%       2d8       1%          2
c - Fulminant Prism       Conj/Alch      50%        3d22      1%          4
d - Plasma Beam           Fire/Air       39%        2x1d52    2%          6
e - Bombard               Conj/Erth      52%        9d9       1%          6
A - Freezing Cloud        Conj/Ice/Air   49%        6-21      1%          5
B - Orb of Destruction    Conj           55%        9d14      3%          7
C - Iskenderun's Mystic   Conj/Tloc      97%        2d19      1%          4
D - Irradiate             Conj/Alch      50%        3d28      1%          5
E - Olgreb's Toxic Radia  Alch           69%        N/A       1%          4
F - Ignite Poison         Fire/Alch      74%        N/A       1%          4

Your spell library contained the following spells:

 Spells                   Type           Power      Damage    Failure   Level
 Sting                    Conj/Alch      100%       1d9       1%          1
 Blink                    Tloc           100%       N/A       1%          2
 Cigotuvi's Dreadful Rot  Necr/Alch/Air  100%       N/A       1%          2
 Mercury Vapours          Alch/Air       100%       N/A       1%          2
 Dazzling Flash           Conj/Hex       100%       N/A       1%          3
 Sigil of Binding         Hex            79%        N/A       1%          3
 Stone Arrow              Conj/Erth      100%       3d13      1%          3
 Lee's Rapid Deconstruct  Erth           38%        3d19*     1%          5
 Ozocubu's Armour         Ice            66%        N/A       2%          3
 Leda's Liquefaction      Alch/Erth      36%        N/A       2%          4
 Dimensional Bullseye     Hex/Tloc       35%        N/A       3%          4
 Call Imp                 Summ           86%        N/A       4%          2
 Sublimation of Blood     Necr           43%        N/A       4%          2
 Manifold Assault         Tloc           62%        N/A       5%          4
 Call Canine Familiar     Summ           43%        N/A       7%          3
 Fugue of the Fallen      Necr           43%        N/A       7%          3
 Summon Mana Viper        Hex/Summ       64%        N/A       9%          5
 Dispel Undead            Necr           43%        3d17      16%         4
 Summon Forest            Summ/Tloc      27%        N/A       17%         5
 Death Channel            Necr           21%        N/A       82%         6
 Summon Cactus Giant      Summ           21%        N/A       82%         6
 Summon Hydra             Summ           21%        N/A       100%        7


Dungeon Overview and Level Annotations

Branches:
Dungeon (15/15)            Temple (1/1) D:6            Lair (5/5) D:8
  Swamp (3/4) Lair:3       Spider (4/4) Lair:3        Slime (0/5) Lair:4
    Orc (2/2) D:9             Elf (0/3) Orc:2        Vaults (0/5) D:14
 Depths (0/4) D:15         Bailey (visited)

Altars:
Ashenzari
Cheibriados
Dithmenos
Elyvilon
Fedhas
Gozag
Hepliaklqana
Kikubaaqudgha
Makhleb
Nemelex Xobeh
Okawaru
Qazlal
Ru
Sif Muna
Trog
Uskayaw
Vehumet
Wu Jian
Xom
Yredelemnul
Zin
The Shining One
Jiyva

Shops:
D:9 !   Orc:2 ?(!*

Annotations:
D:4 2 transporters, 1 runed translucent door, Crazy Yiuf; Dowan; Duvessa; LeprechaunX's ghost, amateur OpSh
D:5 FLY FOR RING
D:7 2 transporters, Twinkles's ghost, novice FoEE
D:11 3 runed translucent doors, Ruyjijoddug's ghost, journeyman HOFi; Ufudd's ghost, journeyman DsWn
D:14 3 runed translucent doors, Paidunot's ghost, journeyman BaHu
Swamp:1 Roxanne
Spider:1 2 transporters
Spider:2 2 transporters, Gaqotej's ghost, adept DsCK; Ynexoj's ghost, journeyman TeSu
Orc:1 1 runed translucent door, Omilar's ghost, journeyman DsNe


Message History

Unknown command.
There is a stone staircase leading up here.
You start waiting.
A death drake comes into view.
Danger!
Unknown command.
You miscast Plasma Beam.
You are very lightly contaminated with residual magic.
Nothing appears to happen.
Magical energy flows into your mind! The death drake breathes miasma at you.
The foul vapour engulfs you!
You are poisoned.
You are engulfed in dark miasma.
You are more poisoned.
You feel yourself slow down.
You feel extremely sick. The death drake bites you.
You fly upwards.
You feel extremely sick.
There is a stone staircase leading down here.
Unknown command.
Unknown command.
Unknown command.
Unknown command.
Casting: Plasma Beam (dangerous; 2% risk of failure)
Confirm with . or Enter, or press ? or * to list all spells.
You feel a surge of power!
You erupt in a fountain of uncontrolled magic!
The death drake is blasted with magical radiation!!
The death drake is moderately wounded.
The death drake twists and deforms.
Magical energy flows into your mind!
You feel very sick. The death drake breathes miasma at you.
The foul vapour engulfs you!
You are more poisoned.
The death drake bites you but does no damage.
Casting: Irradiate (dangerous; 1% risk of failure)
Confirm with . or Enter, or press ? or * to list all spells.
You feel a surge of power!
You erupt in a fountain of uncontrolled magic!
The death drake is blasted with magical radiation!!!
You kill the death drake!
Vehumet accepts your kill.
You feel your power returning.
You are lightly contaminated with residual magic.
You are engulfed in dark miasma.
You are more poisoned.
You feel as though you will be slow longer.
* * * LOW HITPOINT WARNING * * *
You die...

♣~...~~~~~~~...~~
♣♣..♣~~~~~~~~~..~.
♣~..♣♣.~~~~~~~~..♣
♣♣♣♣.~~...~~~~~~~~~..
♣.♣~.~~~.....~~~.~~..
♣♣~♣..~§~~.♣..~~~...♣♣
♣♣~~.~~~~~.~♣~.......♣♣
♣♣~~..°°°~..♣~...~♣...~♣
♣.<..~°@°...~~~....~~~~.
♣~~..~°°°♣..~(.....~~~..
♣♣♣~..°~~♣♣.≈≈≈~...[~~~~
♣.§~~~~♣.≈≈≈≈≈..~~~~.♣
♣~~~~§~.≈≈≈≈≈≈..~~§~~♣
♣~.~....≈≈≈≈≈≈...~~~.~
♣♣...~♣.≈≈≈≈≈.<..♣~~♣♣
♣.....♣.≈≈≈≈≈≈...♣♣♣♣♣
♣♣......≈≈≈≈≈≈≈.♣♣♣♣ ♣


There were no monsters in sight!

Vanquished Creatures
  Arachne (Spider:2)
  Jorgrun (D:12)
  Rupert (D:12)
  Donald (Spider:2)
  A ghost moth (Spider:4)
  2 emperor scorpions
  Louise (Swamp:1)
  2 orc warlords
  A broodmother (Spider:3)
  2 eleionomae
  Nessos (D:13)
  A dire elephant (D:15)
  A spark wasp (Spider:1)
  Josephine (D:10)
  6 entropy weavers
  A shambling mangrove (Swamp:1)
  8 vault guards (D:14)
  6 hydras
  Erolcha (D:10)
  7 centaur warriors
  4 alligators
  5 catoblepae
  3 radroaches
  2 jorogumos
  A ghost crab (Swamp:1)
  Erica (D:11)
  3 boulder beetles
  5 death yaks (Lair:5)
  3 tengu warriors
  8 two-headed ogres
  A death scarab (Spider:1)
  An orc high priest (Orc:2)
  An occultist (D:10)
  4 demonic crawlers
  A spriggan (Swamp:2)
  Sonja (D:11)
  2 sun moths
  A skyshark (Lair:3)
  A goliath frog (Swamp:2)
  5 skeletal warriors (D:14)
  3 pharaoh ants
  2 bog bodies (Swamp:1)
  A death drake (Swamp:2)
  3 swamp dragons (Swamp:2)
  12 orb spiders
  6 orc knights
  A lindwurm (Lair:2)
  3 deep elf pyromancers
  5 steelbarb worms
  Pikel (D:7)
  4 orc sorcerers (Orc:2)
  A deep elf zephyrmancer (Orc:2)
  9 ugly things
  16 wolf spiders
  4 cyclopes
  7 manticores
  3 will-o-the-wisps
  6 elephants
  3 moths of wrath
  2 black mambas
  2 gargoyles (D:13)
  A kobold blastminer (Orc:1)
  12 cane toads
  Maggie (D:6)
  Jeremiah (D:6)
  2 torpor snails
  A rime drake (Lair:2)
  2 unseen horror zombies (D:9)
  An unseen horror (D:7)
  A rime drake (shapeshifter) (D:13)
  3 efreet
  8 komodo dragons
  3 yaktaurs (D:15)
  2 tengu conjurers (D:15)
  A queen bee (Spider:2)
  A polar bear (Lair:3)
  7 tyrant leeches
  2 bloated husks
  6 meliai (Spider:2)
  3 blink frogs (Lair:2)
  23 tarantellas
  Grinder (D:6)
  Prince Ribbit (Lair:2)
  8 saltlings (Orc:2)
  10 trolls
  4 hornets
  24 jumping spiders
  10 slime creatures
  19 culicivoras
  A vampire (D:9)
  A wyvern (D:10)
  8 wraiths
  3 steam dragons
  66 yaks
  61 redbacks
  3 basilisks
  3 wargs
  3 acid dragons
  4 swamp worms
  6 vampire mosquitoes
  Edmund (D:4)
  9 water moccasins
  A swamp drake (Orc:2)
  A black bear (D:6)
  2 ice beasts (D:6)
  A sky beast (D:7)
  28 orc warriors
  15 wolves
  5 ogres
  17 centaurs
  3 lemures (D:7)
  A phantom (D:5)
  4 kobold brigands
  Blork the orc (D:6)
  2 scorpions
  14 bullfrogs
  5 wights (D:10)
  12 killer bees
  A lava snake (D:15)
  A crimson imp (Orc:2)
  5 hounds
  2 gnoll boudas
  An iron imp (Orc:2)
  14 jellies
  8 orc priests
  A sleepcap (D:6)
  22 orc wizards
  Natasha (thrice) (D:4)
  4 iguanas
  13 gnolls
  4 adders
  A shadow imp (Orc:2)
  3 white imps
  2 ufetubi (D:6)
  2 worms
  7 dart slugs
  104 orcs
  6 ball pythons
  5 endoplasms
  7 giant cockroaches
  12 hobgoblins
  2 jackals (D:3)
  28 kobolds
  4 quokkas
  4 bats
  2 frilled lizards
  11 goblins
  11 rats
922 creatures vanquished.

Vanquished Creatures (others)
  A tyrant leech (Swamp:1)
  169 fulminant prisms
170 creatures vanquished.

Grand Total: 1092 creatures vanquished

Notes
Turn   | Place    | Note
-------+----------+-------------------------------------------
     0 | D:1      | Sobieck the Deep Elf Conjurer began the quest for the Orb.
     0 | D:1      | Reached XP level 1. HP: 10/10 MP: 6/6
   178 | D:1      | Reached skill level 1 in Hexes
   184 | D:1      | Reached XP level 2. HP: 15/15 MP: 1/8
   547 | D:1      | Learned a level 2 spell: Searing Ray
   694 | D:1      | Reached XP level 3. HP: 19/19 MP: 8/10
  1254 | D:2      | Reached skill level 4 in Spellcasting
  1835 | D:3      | Reached XP level 4. HP: 24/24 MP: 10/12
  2076 | D:3      | Identified the +5 ring mail of Devotion {rCorr}
  2159 | D:3      | Found an iron altar of Okawaru.
  2688 | D:3      | Reached skill level 3 in Hexes
  2690 | D:3      | Reached XP level 5. HP: 28/28 MP: 8/14
  2817 | D:4      | Noticed Dowan
  2923 | D:4      | Found a transporter.
  2926 | D:4      | Noticed LeprechaunX's ghost (amateur OpSh)
  3056 | D:4      | Reached skill level 5 in Spellcasting
  3209 | D:4      | Found a snail-covered altar of Cheibriados.
  3237 | D:4      | Noticed Edmund
  3260 | D:4      | Killed Edmund
  3261 | D:4      | Reached XP level 6. HP: 13/32 MP: 0/16
  3408 | D:4      | Noticed Natasha
  3414 | D:4      | Killed Natasha
  3522 | D:4      | Reached skill level 6 in Conjurations
  3666 | D:4      | Found a transporter.
  3672 | D:4      | Noticed Natasha
  3677 | D:4      | Killed Natasha
  3678 | D:4      | Reached skill level 6 in Spellcasting
  3838 | D:4      | You fall into a shaft and drop 1 floor!
  3838 | D:5      | Entered Level 5 of the Dungeon
  4019 | D:5      | Reached XP level 7. HP: 36/36 MP: 11/18
  4381 | D:4      | Found a runed translucent door.
  4382 | D:4      | Noticed Crazy Yiuf
  4480 | D:4      | Noticed Natasha
  4485 | D:4      | Killed Natasha
  4673 | D:4      | Noticed Duvessa
  5144 | D:5      | Reached skill level 7 in Spellcasting
  5149 | D:5      | Learned a level 4 spell: Fulminant Prism
  5154 | D:5      | Learned a level 4 spell: Iskenderun's Mystic Blast
  5215 | D:5      | Identified the +3 leather armour "Woisiask" {rC++ Stlth+}
  5526 | D:5      | Reached skill level 6 in Hexes
  5693 | D:6      | Noticed Blork the orc
  5699 | D:6      | Killed Blork the orc
  5789 | D:6      | Noticed Grinder
  5806 | D:6      | Killed Grinder
  5807 | D:6      | Reached XP level 8. HP: 41/41 MP: 8/21
  5984 | D:6      | Reached skill level 8 in Spellcasting
  6287 | D:6      | Found a shimmering blue altar of Sif Muna.
  6375 | D:6      | Found a staircase to the Ecumenical Temple.
  6381 | D:6      | Noticed Maggie
  6391 | D:6      | Reached skill level 9 in Spellcasting
  6549 | D:6      | Killed Maggie
  6550 | D:6      | Reached XP level 9. HP: 45/45 MP: 12/24
  6587 | Temple   | Entered the Ecumenical Temple
  6606 | Temple   | Became a worshipper of Vehumet
  6795 | D:6      | Reached skill level 9 in Conjurations
  6795 | D:6      | Reached skill level 9 in Hexes
  6847 | D:6      | Reached skill level 10 in Spellcasting
  6921 | D:6      | Found a hazy altar of Hepliaklqana.
  6976 | D:6      | Noticed Jeremiah
  6990 | D:6      | Killed Jeremiah
  7232 | D:7      | Reached skill level 11 in Spellcasting
  7366 | D:7      | Noticed Twinkles's ghost (novice FoEE)
  7367 | D:7      | Found a transporter.
  7369 | D:7      | Identified the +4 great mace "Tothrus" {flame, Str+3}
  7413 | D:7      | Noticed Pikel
  7426 | D:7      | Killed an unseen horror
  7427 | D:7      | Reached skill level 1 in Fighting
  7427 | D:7      | Reached skill level 3 in Dodging
  7427 | D:7      | Reached skill level 3 in Stealth
  7427 | D:7      | Reached skill level 1 in Translocations
  7442 | D:7      | Found a transporter.
  7835 | D:7      | Killed Pikel
  7836 | D:7      | Noticed a two-headed ogre
  8033 | D:7      | Killed a two-headed ogre
  8034 | D:7      | Reached XP level 10. HP: 53/53 MP: 10/27
  8414 | D:8      | Reached skill level 3 in Translocations
  8683 | D:8      | Found a staircase to the Lair.
  8814 | D:8      | Reached * piety under Vehumet
  8814 | D:8      | Offered knowledge of Foxfire by Vehumet.
  8949 | D:8      | Found a flagged portal.
  9030 | Bailey   | Entered a bailey
  9094 | Bailey   | Noticed an orc knight
  9123 | Bailey   | Killed an orc knight
  9124 | Bailey   | Reached skill level 3 in Fighting
  9124 | Bailey   | Reached skill level 12 in Spellcasting
  9282 | Bailey   | Found a large runed translucent door.
  9282 | Bailey   | Found a large runed translucent door.
  9283 | Bailey   | Noticed a deep elf pyromancer
  9348 | Bailey   | Killed a deep elf pyromancer
  9679 | D:8      | Reached skill level 6 in Dodging
  9768 | D:9      | Offered knowledge of Mercury Vapours by Vehumet.
  9768 | D:9      | Reached ** piety under Vehumet
 10093 | D:9      | Noticed a centaur warrior
 10115 | D:9      | Killed a centaur warrior
 10327 | D:9      | Reached XP level 11. HP: 61/61 MP: 25/29
 10403 | D:9      | Offered knowledge of Volatile Blastmotes by Vehumet.
 10531 | D:9      | Reached *** piety under Vehumet
 10737 | D:9      | Found a staircase to the Orcish Mines.
 10968 | D:9      | Found a basalt altar of Yredelemnul.
 11012 | D:9      | Found Sousibui's Distillery.
 11020 | D:9      | Bought a potion of lignification for 33 gold pieces
 11020 | D:9      | Bought a potion of mutation for 88 gold pieces
 11303 | D:9      | Reached skill level 13 in Spellcasting
 11383 | D:9      | Upgraded the game from 0.31-a0-1308-ga3cce3a448 to
                  | 0.31-a0-1321-g5021b54cb2
 11593 | D:10     | Entered Level 10 of the Dungeon
 11597 | D:10     | Identified the orb of the Vacuum {*channel, Str+4}
 11822 | D:10     | Noticed Josephine
 11834 | D:10     | Killed Josephine
 11858 | D:10     | Noticed Erolcha
 11861 | D:10     | Offered knowledge of Hailstorm by Vehumet.
 11864 | D:10     | Killed Erolcha
 12075 | D:10     | Learned a level 5 spell: Freezing Cloud
 12082 | D:10     | Learned a level 6 spell: Bombard
 12380 | D:10     | Noticed a two-headed ogre
 12392 | D:10     | Noticed a two-headed ogre
 12404 | D:10     | Killed a two-headed ogre
 12405 | D:10     | Reached skill level 1 in Ice Magic
 12503 | D:10     | Reached skill level 1 in Earth Magic
 12510 | D:10     | Noticed an occultist
 12511 | D:10     | Noticed a tengu warrior
 12511 | D:10     | Killed a two-headed ogre
 12512 | D:10     | Reached skill level 1 in Air Magic
 12610 | Lair:1   | Entered Level 1 of the Lair of Beasts
 13017 | Lair:1   | Reached **** piety under Vehumet
 13111 | Lair:1   | Noticed an eight-headed hydra
 13119 | Lair:1   | Killed an eight-headed hydra
 13120 | Lair:1   | Reached XP level 12. HP: 68/68 MP: 10/31
 13381 | Lair:1   | Reached skill level 3 in Ice Magic
 13384 | Lair:1   | Reached skill level 14 in Spellcasting
 13384 | Lair:1   | Reached skill level 3 in Earth Magic
 13947 | Lair:2   | Reached skill level 3 in Air Magic
 14053 | Lair:2   | Reached skill level 9 in Dodging
 14156 | Lair:2   | Offered knowledge of Stone Arrow by Vehumet.
 14441 | Lair:2   | Reached skill level 12 in Conjurations
 14537 | Lair:2   | Noticed Prince Ribbit
 14540 | Lair:2   | Killed Prince Ribbit
 14611 | Lair:2   | Found a dark tunnel.
 14926 | Lair:2   | Noticed an eight-headed hydra
 14933 | Lair:2   | Killed an eight-headed hydra
 15373 | Lair:3   | Found a hole to the Spider Nest.
 15616 | Lair:3   | Reached skill level 15 in Spellcasting
 15709 | Lair:3   | Got the Guidebook on Spelunking and the Blink Frog
 15905 | Lair:3   | Found a staircase to the Swamp.
 16087 | Lair:3   | Reached XP level 13. HP: 72/72 MP: 20/34
 16388 | Lair:3   | Found the +8 demon blade "Leech" {evervamp, Harm ^Drain
                  | rN+}
 16443 | Lair:4   | Reached skill level 16 in Spellcasting
 16452 | Lair:4   | Reached ***** piety under Vehumet
 16452 | Lair:4   | Offered knowledge of Olgreb's Toxic Radiance by Vehumet.
 16458 | Lair:4   | Learned a level 4 spell: Olgreb's Toxic Radiance
 16463 | Lair:4   | Learned a level 4 spell: Ignite Poison
 16694 | Lair:4   | Reached skill level 1 in Fire Magic
 16694 | Lair:4   | Reached skill level 1 in Alchemy
 16913 | Lair:4   | Found a viscous altar of Jiyva.
 16914 | Lair:4   | Found a staircase to the Slime Pits.
 17308 | Lair:5   | Entered Level 5 of the Lair of Beasts
 17481 | Lair:5   | Reached skill level 3 in Fire Magic
 17481 | Lair:5   | Reached skill level 3 in Alchemy
 17913 | Lair:5   | Reached skill level 6 in Earth Magic
 18407 | Lair:5   | Reached skill level 6 in Fire Magic
 18411 | Lair:5   | Reached skill level 6 in Alchemy
 20241 | D:10     | Reached skill level 17 in Spellcasting
 20525 | D:11     | Noticed Sonja
 20529 | D:11     | Killed Sonja
 20530 | D:11     | Reached XP level 14. HP: 70/78 MP: 18/37
 20732 | D:11     | Found a runed translucent gate.
 20732 | D:11     | Found a runed translucent gate.
 20732 | D:11     | Found a runed translucent gate.
 20732 | D:11     | Noticed Ufudd's ghost (journeyman DsWn)
 20732 | D:11     | Noticed Ruyjijoddug's ghost (journeyman HOFi)
 20826 | D:11     | Noticed Erica
 20851 | D:11     | Killed Erica
 21123 | D:11     | Reached skill level 18 in Spellcasting
 21326 | Orc:1    | Entered Level 1 of the Orcish Mines
 21422 | Orc:1    | Found a runed translucent door.
 21492 | Orc:1    | Noticed Omilar's ghost (journeyman DsNe)
 21495 | Orc:1    | Offered knowledge of Brom's Barrelling Boulder by Vehumet.
 21544 | Orc:1    | Noticed an orc warlord
 21552 | Orc:1    | Killed an orc warlord
 22008 | Orc:2    | Entered Level 2 of the Orcish Mines
 22147 | Orc:2    | Found a staircase to the Elven Halls.
 22391 | Orc:2    | Identified the +0 hat of Ticzodgh {rPois Dex+3 Slay+3}
 22712 | Orc:2    | Reached skill level 19 in Spellcasting
 22776 | Orc:2    | Offered knowledge of Plasma Beam by Vehumet.
 22796 | Orc:2    | Learned a level 6 spell: Plasma Beam
 23056 | Orc:2    | Noticed an orc warlord
 23061 | Orc:2    | Reached skill level 6 in Air Magic
 23189 | Orc:2    | Killed an orc warlord
 23463 | Orc:2    | Found Restaogule's General Store.
 23530 | Orc:2    | Bought a scroll of identify for 28 gold pieces
 23542 | Orc:2    | Found Jolaism's Antique Weapon Shop.
 23544 | Orc:2    | Found Zorrery's Distillery.
 23550 | Orc:2    | Bought a potion of might for 56 gold pieces
 23678 | Orc:2    | Found Ebri's Magic Scroll Emporium.
 23684 | Orc:2    | Bought a scroll of amnesia for 60 gold pieces
 23684 | Orc:2    | Bought a scroll of amnesia for 60 gold pieces
 23684 | Orc:2    | Bought a scroll of amnesia for 60 gold pieces
 23684 | Orc:2    | Bought a scroll of identify for 30 gold pieces
 23922 | D:12     | Noticed Jorgrun
 23924 | D:12     | Noticed Rupert
 23926 | D:12     | Killed Jorgrun
 24231 | D:12     | Killed Rupert
 24232 | D:12     | Reached skill level 9 in Fire Magic
 25443 | D:13     | Noticed Nessos
 25449 | D:13     | Killed Nessos
 25450 | D:13     | Reached XP level 15. HP: 57/82 MP: 32/40
 26255 | D:14     | Noticed Paidunot's ghost (journeyman BaHu)
 26260 | D:14     | Found a runed translucent gate.
 26260 | D:14     | Found a runed translucent gate.
 26262 | D:14     | Found a runed translucent gate.
 26262 | D:14     | Noticed a fire giant
 26370 | D:14     | Reached skill level 20 in Spellcasting
 27149 | D:14     | Found a glowing silver altar of Zin.
 27246 | D:14     | Found a broken altar of Ashenzari.
 27324 | D:14     | Reached skill level 21 in Spellcasting
 27665 | D:14     | Found a gate to the Vaults.
 27857 | D:15     | Entered Level 15 of the Dungeon
 28959 | D:15     | Reached skill level 22 in Spellcasting
 29346 | D:15     | Noticed an emperor scorpion
 29349 | D:15     | Killed an emperor scorpion
 29565 | D:15     | Found a staircase to the Depths.
 29858 | Spider:1 | Entered Level 1 of the Spider Nest
 29861 | Spider:1 | Offered knowledge of Conjure Ball Lightning by Vehumet.
 30037 | Spider:1 | Found a transporter.
 30039 | Spider:1 | Reached skill level 23 in Spellcasting
 30041 | Spider:1 | Found a transporter.
 30707 | Spider:1 | Reached XP level 16. HP: 29/87 MP: 36/45
 30954 | Spider:2 | Reached skill level 24 in Spellcasting
 31261 | Spider:2 | Upgraded the game from 0.31-a0-1321-g5021b54cb2 to
                  | 0.31-a0-1338-gb567cfdca4
 31300 | Spider:2 | Noticed Donald
 31310 | Spider:2 | Killed Donald
 31701 | Spider:2 | Reached ****** piety under Vehumet
 31701 | Spider:2 | Offered knowledge of Fireball by Vehumet.
 32160 | Spider:2 | Reached skill level 25 in Spellcasting
 32673 | Spider:2 | Noticed Ynexoj's ghost (journeyman TeSu)
 32679 | Spider:2 | Noticed Gaqotej's ghost (adept DsCK)
 32682 | Spider:2 | Found a transporter.
 32693 | Spider:2 | Found a transporter.
 32700 | Spider:2 | Noticed Ynexoj's ghost (journeyman TeSu)
 32978 | Spider:3 | Noticed Arachne
 33093 | Spider:2 | Killed Arachne
 33392 | Spider:3 | Reached skill level 26 in Spellcasting
 34156 | Spider:3 | Offered knowledge of Irradiate by Vehumet.
 34163 | Spider:3 | Learned a level 5 spell: Irradiate
 35142 | Spider:4 | Entered Level 4 of the Spider Nest
 35266 | Spider:4 | Reached skill level 27 in Spellcasting
 35411 | Spider:4 | Identified the +4 short sword "Orb Guardian's Peril"
                  | {venom, rElec rF+}
 35938 | Swamp:1  | Entered Level 1 of the Swamp
 35946 | Swamp:1  | Noticed Louise
 35951 | Swamp:1  | Killed Louise
 35972 | Swamp:1  | Reached skill level 6 in Fighting
 35972 | Swamp:1  | Reached XP level 17. HP: 93/93 MP: 24/50
 36282 | Swamp:1  | Noticed Roxanne
 36360 | Swamp:1  | Found a frozen archway.
 37144 | Swamp:2  | Offered knowledge of Orb of Destruction by Vehumet.
 37156 | Swamp:1  | Learned a level 7 spell: Orb of Destruction
 38166 | Swamp:2  | Succumbed to poison (dark miasma)

Illustrated notes

Levels and vault maps discovered:
D:1:      lemuel_arrival_hallway, layout_basic
D:2:      layout_rooms
D:3:      layout_basic, lemuel_doored_altar, gup_sewer_entry_bowl,
          ebering_dispersal_statue_hall, nicolae_hexahallways
D:4:      cheibrodos_greedy_goblins, layout_basic, mainiacjoe_overflow_alcove_2,
          gammafunk_ghost_mausoleum, roderic_malta_cross,
          minmay_misc_feat_tower, corexii_shack, kennysheep_cross_bottleneck,
          uniq_edmund, uniq_crazy_yiuf_cottage, uniq_natasha, uniq_duvessa
D:5:      nicolae_cairo_tiling_large_dashed, layout_basic, serial_curves,
          eino_curves_01, eino_curves_01, kb_lookout_dungeons_type
D:6:      layout_basic, mainiacjoe_overflow_cross_hatched,
          overflow_temple_1_default, temple_doors_e, solitary_fountain,
          grunt_decor_fettered, uniq_blork_the_orc, uniq_grinder, uniq_jeremiah,
          uniq_maggie
D:7:      layout_basic, gammafunk_ghost_smash, uniq_pikel
D:8:      layout_rooms, lair_entry_dummy, enter_bailey_4, nicolae_tricolors
D:9:      layout_stronghold, lemuel_zombie_altar_yredelemnul, david_orc_4,
          serial_shops, nicolae_shop_statue_plus
D:10:     kennysheep_windowed_halls, layout_long_grid, special_room
          [special_room_orc], uniq_josephine, uniq_erolcha
D:11:     layout_rooms, gammafunk_ghost_cemetery, grunt_ogre_cave, uniq_erica,
          uniq_sonja
D:12:     layout_loops_ring, minmay_bent, uniq_jorgrun, uniq_rupert
D:13:     layout_long_grid, uniq_nessos
D:14:     layout_loops_ring, erik_vaults_2, gammafunk_ghost_split,
          lemuel_crystal_altar, chequers_serial_rivers_room_b, drop_trap,
          zin_scriptorium
D:15:     hangedman_depths_entry_try_elsewhere_first, layout_stronghold,
          kennysheep_pointless_box
Temple:   nicolae_temple_bog_church
Lair:1:   layout_cave_pods
Lair:2:   layout_regular_city, nicolae_volcano_entry_vermiform,
          beast_lair_carwin_2, lemuel_fruit_fields, uniq_prince_ribbit2
Lair:3:   layout_gridlike, swamp_mist_pool, dummy_spider_entry,
          grunt_forest_small_clearings, dreamdust_deal_with_the_devil,
          st_stairs_8, lemuel_fruit_fields
Lair:4:   layout_long_grid, minmay_slime_entry_jelly_boxes
Lair:5:   evilmike_catoblepas_cave, layout_regular_city
Swamp:1:  layout_basic_swamp, portal_ice_cave_entry_ugly_swarm,
          evilmike_swamp_ruin_rubble_2, uniq_roxanne, uniq_louise
Swamp:2:  layout_basic_swamp, evilmike_swamp_ruin_rubble_1,
          infiniplex_staircase_pool
Swamp:3:  regret_index_all_hallows'_manor, layout_basic_swamp,
          nicolae_swamp_godswood, swamp_pool_3, hangedman_swamp_blocks
Spider:1: gammafunk_boulding_lane
Spider:2: nicolae_spider_hilbert_zone_5 [nicolae_spider_hilbert_3_sides_1_open,
          nicolae_spider_hilbert_4_sides_1_open,
          nicolae_spider_hilbert_4_sides_1_open,
          nicolae_spider_hilbert_6_sides_1_open,
          nicolae_spider_hilbert_6_sides_1_open], nzn_ghost_randoct,
          nicolae_looking_at_the_future, uniq_donald
Spider:3: layout_chambers, uniq_arachne
Spider:4: spider_rune_water
Orc:1:    layout_diamond_mine, ebering_ghost_reflecting_pool
Orc:2:    hellmonk_orc_salted, layout_caves, hangedman_minor_magic

Skill      XL: |  1  2  3  4  5  6  7  8  9 10 11 12 13 14 15 16 17 |
---------------+----------------------------------------------------+-----
Hexes          | 1 2 3 4 5 6 8 9 |  9.0
Spellcasting   | 4 5 6 7 9 11 12 13 15 17 19 23 27 | 27.0
Conjurations   | 5 6 7 8 9 10 11 12 | 12.3
Fighting       | 2 4 5 6 7 |  7.0
Dodging        | 4 6 8 10 11 | 11.3
Stealth        | 4 5 |  5.0
Translocations | 2 4 |  4.0
Ice Magic      | 2 5 |  5.0
Earth Magic    | 2 5 8 |  8.0
Air Magic      | 2 5 8 |  8.0
Fire Magic     | 6 9 |  9.0
Alchemy        | 6 |  6.0

Action                     |  1- 3 |  4- 6 |  7- 9 | 10-12 | 13-15 | 16-18 || total
---------------------------+-------+-------+-------+-------+-------+-------++-------
  Melee: Unarmed           |       |       |     2 |     2 |       |       ||     4
         Staff             |       |       |       |       |     2 |       ||     2
   Cast: Magic Dart        |   104 |    78 |    40 |    13 |     2 |       ||   237
         Searing Ray       |       |    13 |    22 |    10 |       |       ||    45
         Fulminant Prism   |       |       |    44 |   124 |     1 |       ||   169
         Iskenderun's Myst |       |       |    10 |    33 |    55 |    13 ||   111
         Freezing Cloud    |       |       |       |    91 |   130 |    17 ||   238
         Bombard           |       |       |       |     2 |   111 |    20 ||   133
         Ignite Poison     |       |       |       |       |    82 |   120 ||   202
         Olgreb's Toxic Ra |       |       |       |       |    72 |   112 ||   184
         Plasma Beam       |       |       |       |       |    52 |    79 ||   131
         Irradiate         |       |       |       |       |       |     7 ||     7
         Orb of Destructio |       |       |       |       |       |    15 ||    15
  Evoke: Wand              |       |       |     1 |     2 |     1 |       ||     4
         Lightning rod     |       |       |       |       |     2 |       ||     2
    Use: Scroll            |       |       |    12 |     8 |     8 |     3 ||    31
         Potion            |       |       |     1 |     1 |       |     6 ||     8
 Armour: Robe              |     3 |    10 |    24 |    40 |    77 |    68 ||   222
  Dodge: Dodged            |     6 |     3 |    17 |    31 |    36 |    48 ||   141
  Block: Other             |       |     4 |     4 |     4 |       |       ||    12
         Reflection        |       |       |     1 |     2 |       |       ||     3

Table legend: (Time is in decaauts)
 A = Elapsed time spent in this place.
 B = Non-inter-level travel time spent in this place.
 C = Inter-level travel time spent in this place.
 D = Time resting spent in this place.
 E = Time spent auto-exploring this place.
 F = Levels seen in this place.
 G = Mean time per level.
                   A        B        C        D        E       F      G
               +--------+--------+--------+--------+--------+-----+--------+
         Total |  38207 |  36143 |   2064 |  11580 |  15461 |  31 | 1232.5 |
       Dungeon |  20260 |  18966 |   1294 |   5239 |   9640 |  15 | 1350.7 |
        Temple |     41 |      2 |     39 |      0 |      0 |   1 |   41.0 |
          Lair |   6819 |   6504 |    315 |   2226 |   2458 |   5 | 1363.8 |
         Swamp |   2162 |   2092 |     70 |    860 |    709 |   3 |  720.7 |
   Spider Nest |   6041 |   5812 |    229 |   2437 |   1855 |   4 | 1510.2 |
  Orcish Mines |   2436 |   2321 |    115 |    662 |    799 |   2 | 1218.0 |
        Bailey |    446 |    446 |      0 |    156 |      0 |   1 |  446.0 |
               +--------+--------+--------+--------+--------+-----+--------+

Top non-repeatable levels by time:
Spider:3: 2313 daAuts
    D:10: 2067 daAuts
Spider:2: 1996 daAuts
     D:9: 1950 daAuts
  Lair:5: 1851 daAuts
    D:15: 1807 daAuts
   Orc:2: 1741 daAuts
    D:13: 1657 daAuts
     D:4: 1648 daAuts
     D:6: 1510 daAuts
  Lair:2: 1503 daAuts
Spider:1: 1420 daAuts
  Lair:1: 1388 daAuts
 Swamp:1: 1366 daAuts
     D:7: 1237 daAuts
